 Dungeon Crawl Stone Soup version 0.24.0-1-gfbc8707 (webtiles) character file.

Game seed: 15893836600312608588, levelgen mode: deterministic

1201 snetch the Covered (level 8, -4/70 HPs)
             Began as a Minotaur Berserker on Oct 29, 2019.
             Was an Elder of Trog.
             Slain by an ogre
             ... wielding a +0 giant club
              (16 damage)
             ... on level 5 of the Dungeon.
             The game lasted 00:12:44 (4235 turns).

snetch the Covered (Minotaur Berserker)             Turns: 4235, Time: 00:12:44

Health: -4/70      AC:  6    Str: 24    XL:     8   Next: 21%
Magic:  7/7        EV: 12    Int:  4    God:    Trog [****..]
Gold:   245        SH:  0    Dex: 10    Spells: 7/7 levels left

rFire    . . .     SeeInvis .   y - -1 whip (curse)
rCold    . . .     Gourm    .   (no shield)
rNeg     . . .     Faith    .   E - +0 ring mail (curse)
rPois    .         Spirit   .   (helmet restricted)
rElec    .         Reflect  .   (no cloak)
rCorr    .         Harm     .   (no gloves)
MR       ++...                  (no boots)
Stlth    +.........             J - amulet of regeneration
HPRegen  1.61/turn              (no ring)
MPRegen  0.10/turn              (no ring)

@: regenerating
A: retaliatory headbutt, horns 2
a: Berserk, Trog's Hand, Brothers in Arms, Renounce Religion


You were on level 5 of the Dungeon.
You worshipped Trog.
Trog was greatly pleased with you.
You were hungry.

You visited 1 branch of the dungeon, and saw 6 of its levels.

You collected 245 gold pieces.

Inventory:

Hand Weapons
 a - a +0 hand axe
 h - the +9 hand crossbow of Toxkot {venom, rF++ Str+3 Dex+6, unknown}
   (You found it on level 5 of the Dungeon)

   It poisons the ammo it fires.
   It affects your strength (+3).
   It affects your dexterity (+6).
   It greatly protects you from fire.
 x - a +0 trident
 y - a cursed -1 whip (weapon)
 z - a +0 morningstar of crushing
 A - a +0 halberd
 B - a +2 spear of flaming
 D - a +2 whip of pain
 F - a +0 flail
 G - a +0 trident
 I - a +2 whip of venom
Missiles
 b - 157 stones (quivered)
 d - 97 arrows
 e - 16 sling bullets
 n - 44 bolts
 w - 5 boomerangs
 C - 3 poisoned darts
Armour
 s - a +1 scale mail of poison resistance
 E - a cursed +0 ring mail (worn)
 H - a +0 scale mail
Jewellery
 i - an uncursed ring of fire
 l - an uncursed ring of fire
 J - an amulet of regeneration (around neck)
Scrolls
 j - 2 scrolls of enchant weapon {unknown}
 o - 3 scrolls of teleportation
 v - a scroll of immolation
Potions
 f - a potion of lignification
 g - a potion of heal wounds
 k - a potion of cancellation {unknown}
 m - a potion of might
 p - 4 potions of curing {unknown}
 q - 2 potions of flight {unknown}
 r - 3 potions of invisibility {unknown}
 t - a potion of brilliance {unknown}
 u - a potion of haste {unknown}
Comestibles
 c - 10 rations


   Skills:
 + Level 5.8 Fighting
 + Level 6.6(7.4) Axes
 + Level 5.1(6.6) Maces & Flails
 + Level 6.7 Armour
 + Level 4.1 Dodging
 + Level 1.0 Stealth


You had 7 spell levels left.
You didn't know any spells.
Your spell library contained the following spells:

 Spells                   Type           Power        Failure   Level  Hunger
 Ice Form                 Ice/Tmut       #.......     100%        4    #####..
 Throw Icicle             Conj/Ice       #.......     100%        4    #####..
 Freezing Cloud           Conj/Ice/Air   #.........   100%        6    #######
 Ozocubu's Refrigeration  Ice            #.........   100%        6    #######


Dungeon Overview and Level Annotations

Branches:
Dungeon (6/15)
 Temple: D:4-7

Altars:
Nemelex Xobeh

Annotations:
D:4 4 runed translucent doors


Innate Abilities, Weirdness & Mutations

You reflexively headbutt those who attack you in melee.
You have a pair of horns on your head.


Message History

You hit the ogre.
You headbutt the ogre, but do no damage.
The ogre is severely wounded.
The ogre hits you with a +0 giant club!!
You hit the ogre. Your headbutt misses the ogre.
The ogre is almost dead.
You hit the ogre but do no damage.
The ogre is almost dead.
The ogre barely misses you.
You hit the ogre but do no damage.
The ogre is almost dead.
The ogre hits you with a +0 giant club!!
* * * LOW HITPOINT WARNING * * *
Your skin crawls.
You feel resistant to hostile enchantments.
You are feeling hungry.
You hit the ogre but do no damage.
The ogre is severely wounded.
The ogre hits you with a +0 giant club!
You die...

#......##########.....
#......##.............
#......##.#######.....
#......##.#######..... #
#......##.##...##....[
#.##### #.#.##.#.....######
#......#####.รท.##..>.....#
#. #..........O..##........#
#. #####..#####@..#........#
#. ##.# #...#.#.....## #. ...
##..#........####. .....
#................ .......
#...........##.#. .........
##.#.#.....###...
................##...##....#
....>........#...####.#..#.##
...............##.#


You could see an ogre.

Vanquished Creatures
  A sky beast (D:6)
  An ogre (D:4)
  A centaur (D:5)
  A water moccasin zombie (D:5)
  A howler monkey (D:4)
  A crimson imp (D:5)
  A bullfrog zombie (D:5)
  3 hounds
  A jelly (D:5)
  A centaur skeleton (D:5)
  4 orc priests
  5 orc wizards
  An iguana (D:4)
  3 worker ants (D:4)
  A hound skeleton (D:5)
  7 gnolls (D:3)
  5 adders
  2 oozes
  4 worms
  2 dart slugs
  4 leopard geckos
  16 orcs
  A ball python (D:2)
  8 giant cockroaches
  10 hobgoblins
  5 jackals
  3 quokkas (D:5)
  8 bats
  3 frilled lizards (D:3)
  15 goblins
  6 kobolds
  A leopard gecko zombie (D:5)
  2 quokka skeletons (D:4)
  8 rats
136 creatures vanquished.

Notes
Turn   | Place    | Note
-------+----------+-------------------------------------------
     0 | D:1      | snetch the Minotaur Berserker began the quest for the Orb.
     0 | D:1      | Reached XP level 1. HP: 19/19 MP: 0/0
   258 | D:1      | Reached XP level 2. HP: 27/27 MP: 1/1
   408 | D:1      | Reached ** piety under Trog
   465 | D:2      | Reached XP level 3. HP: 31/33 MP: 2/2
   998 | D:1      | Reached XP level 4. HP: 39/41 MP: 3/3
  1762 | D:3      | Reached skill level 5 in Axes
  1763 | D:3      | Reached *** piety under Trog
  1783 | D:3      | Reached XP level 5. HP: 23/47 MP: 4/4
  1994 | D:3      | Reached skill level 1 in Maces & Flails
  2044 | D:3      | You fall into a shaft and drop 2 floors!
  2044 | D:5      | Entered Level 5 of the Dungeon
  2061 | D:5      | Reached XP level 6. HP: 20/53 MP: 5/5
  2099 | D:5      | Got an ichor-stained hand crossbow
  2214 | D:5      | Reached skill level 5 in Fighting
  2216 | D:5      | Reached skill level 5 in Armour
  2538 | D:4      | Reached XP level 7. HP: 20/61 MP: 6/6
  2836 | D:4      | Found a large runed translucent door.
  2836 | D:4      | Found a large runed translucent door.
  2838 | D:4      | Noticed a slime creature
  2838 | D:4      | Noticed a troll
  2858 | D:4      | Found a large runed translucent door.
  2858 | D:4      | Found a large runed translucent door.
  2869 | D:4      | Found a sparkling altar of Nemelex Xobeh.
  3494 | D:4      | Identified the Almanac of Cold
  3636 | D:5      | Reached **** piety under Trog
  3723 | D:4      | Reached XP level 8. HP: 38/69 MP: 7/7
  4168 | D:6      | Reached skill level 5 in Maces & Flails
  4194 | D:5      | Reached skill level 1 in Stealth
  4235 | D:5      | Slain by an ogre

Levels and vault maps discovered:
D:1:      elethiomel_arrival_infinity_welcomes_careful_drivers,
          layout_loops_corners, minmay_hexomino_u4
D:2:      layout_loops_cross, first_ration, minmay_goblin_outpost
D:3:      layout_loops_ring, chequers_serial_rivers_room_b
D:4:      layout_gridville, nemelex_xobeh_ov_fountains_minmay,
          roderic_st_hans_cross, grunt_decor_arrowhead,
          minmay_tree_intersection, minmay_hollow_rounded_squares
D:5:      minmay_razor_zed, layout_rooms, nicolae_ru_the_path_less_chosen,
          nicolae_overflow_crystal_walls, trog_eyes_of_draining
D:6:      layout_loops_corners, lemuel_doored_altar, uniq_menkaure,
          uniq_blork_the_orc

Skill      XL: |  1  2  3  4  5  6  7  8 |
---------------+-------------------------+-----
Fighting       | 4 5 |  5.8
Axes           | 4 5 6 |  6.6
Armour         | 3 4 5 6 |  6.7
Maces & Flails | 1 2 4 5 |  5.1
Dodging        | 3 4 |  4.1
Stealth        | 1 |  1.0

Action                   |  1- 3 |  4- 6 |  7- 9 || total
-------------------------+-------+-------+-------++-------
Melee: Hand axe          |    77 |    35 |       ||   112
       Headbutt          |     8 |    33 |    43 ||    84
       Whip              |       |    90 |   204 ||   294
Invok: Berserk           |       |     3 |     1 ||     4
       Trog's Hand       |       |     2 |     3 ||     5
  Use: Scroll            |       |     5 |       ||     5
  Eat: Chunk             |       |     9 |     7 ||    16
Armor: Chain mail        |    35 |       |       ||    35
       Scale mail        |    12 |    51 |    48 ||   111
       Ring mail         |       |       |    14 ||    14
Dodge: Dodged            |    43 |    78 |    91 ||   212
